AoeStats
← Rexan_

Arabia

508509862Analyzed
1v1 RM · 11d ago on Sep 22, 2026· 61m 12s· 2 players
Game mode
Random Map
Map size
Tiny (2 player)
Population
200
Speed
Normal
Resources
Standard
Victory
Conquest
Starting age
Dark Age
Ending age
Imperial Age
RankedLock teamsTeams togetherTeam positionsShared explorationLock speedFull tech treeHidden civsTurbo modeCheats
Victory
Defeat
🇷🇺 Japanese · Russia
1136
+14
🇩🇪 Vikings · Germany
1093
-14
Rexan_
7:17 Loom
9:41 Feudal Age
9:52 Man-at-Arms
12:17 Double-Bit Axe
16:27 Fletching
16:55 Horse Collar
17:42 Padded Archer Armor
20:05 Wheelbarrow
22:38 Castle Age
21:56 Gold Mining
23:35 Bow Saw
23:23 Bodkin Arrow
26:46 Husbandry
26:56 Bloodlines
28:29 Town Watch
29:00 Scale Barding Armor
28:45 Elite Skirmisher
30:15 Chain Barding Armor
31:46 Hand Cart
31:47 Heavy Plow
32:42 Forging
36:22 Iron Casting
36:44 Leather Archer Armor
38:12 Stone Mining
42:12 Imperial Age
40:30 Ballistics
41:15 Elite Skirmisher
42:50 Gambesons
43:05 Squires
42:51 Arson
43:10 Scale Mail Armor
43:13 Bracer
43:44 Ring Archer Armor
44:17 Chemistry
46:13 Scale Mail Armor
47:15 Blast Furnace
47:46 Conscription
47:35 Elite Samurai
49:43 Chain Mail Armor
50:06 Kataparuto
52:49 Yasama
54:13 Plate Mail Armor
56:12 Siege Engineers
55:48 Treadmill Crane
57:12 Masonry
61:20 Town Patrol
Moormolch
8:02 Loom
10:19 Feudal Age
13:24 Horse Collar
13:30 Double-Bit Axe
15:29 Fletching
15:54 Padded Archer Armor
23:15 Castle Age
24:19 Bodkin Arrow
24:40 Leather Archer Armor
23:51 Elite Skirmisher
24:55 Bow Saw
24:47 Heavy Plow
27:15 Ballistics
27:32 Treadmill Crane
33:40 Town Watch
40:24 Scale Mail Armor
41:36 Chieftains
42:28 Gold Mining
42:31 Stone Mining
43:04 Masonry
45:31 Imperial Age
45:21 Chain Mail Armor
46:41 Bracer
47:12 Ring Archer Armor
47:04 Conscription
47:27 Hoardings
49:54 Plate Mail Armor
49:35 Forging
50:40 Chemistry
50:11 Architecture
50:13 Elite Berserk
Connection lost

Rejoining the realm…

Still unreachable

The connection could not be restored.

Session expired

The server has moved on; the page needs a fresh start.